 Dungeon Crawl Stone Soup version 0.20.1-1-g8b1a95d (webtiles) character file.

599 slacker the Cleaver (level 7, -5/57 HPs)
             Began as a Minotaur Berserker on Aug 8, 2017.
             Was an Elder of Trog.
             Killed by divine providence
             ... invoked by an orc priest
              (13 damage)
             ... on level 5 of the Dungeon.
             The game lasted 00:09:53 (3251 turns).

slacker the Cleaver (Minotaur Berserker)            Turns: 3251, Time: 00:09:53

Health: -5/57      AC:  9    Str: 22    XL:     7   Next: 17%
Magic:  6/6        EV:  8    Int:  1    God:    Trog [****..]
Gold:   227        SH:  0    Dex: 11    Spells: 6/6 levels left

rFire    + . .     SeeInvis .   u - +0 war axe (chop)
rCold    . . .     Gourm    .   (no shield)
rNeg     . . .     Faith    .   z - +0 chain mail
rPois    +         Spirit   .   (helmet restricted)
rElec    .         Reflect  .   p - +0 cloak
rCorr    .         Harm     .   (no gloves)
MR       .....                  (no boots)
Stlth    ..........             (no amulet)
Regen    0.2/turn               e - ring of protection from fire
MPRegen  0.1/turn               y - ring of Giwany {*Corrode +Blink +Fly rPois Int-3} (curse)

@: no status effects
A: retaliatory headbutt, horns 2
a: Berserk, Trog's Hand, Brothers in Arms, Burn Spellbooks, Renounce Religion,
Evoke Blink, Evoke Flight


You were on level 5 of the Dungeon.
You worshipped Trog.
Trog was greatly pleased with you.
You were not hungry.

You visited 2 branches of the dungeon, and saw 6 of its levels.

You collected 372 gold pieces.
You spent 145 gold pieces at shops.

Inventory:

Hand Weapons
 u - a +0 war axe of chopping (weapon)
Armour
 p - a +0 cloak (worn)
 z - a +0 chain mail (worn)
Jewellery
 d - an uncursed ring of protection from fire
 e - a ring of protection from fire (left hand)
 g - an uncursed ring of ice
 y - the cursed ring of Giwany (right hand) {*Corrode +Blink +Fly rPois Int-3}
   (You bought it in a shop on level 4 of the Dungeon)

   [ring of intelligence]

   It affects your intelligence (-3).
   It protects you from poison.
   It lets you fly.
   It lets you blink.
   It may corrode you when you take damage.
   It has a curse placed upon it.
Scrolls
 h - 3 scrolls of teleportation {unknown}
 l - a scroll of enchant weapon {unknown}
 q - a scroll of amnesia {unknown}
 s - a scroll of random uselessness {unknown}
 v - 2 scrolls of magic mapping {unknown}
 w - 2 scrolls of remove curse {unknown}
 x - a scroll of enchant armour {unknown}
Potions
 b - a potion of haste
 j - a potion of magic {unknown}
 n - 3 potions of heal wounds
 o - 2 potions of mutation
 r - a potion of ambrosia {unknown}
 t - a potion of agility {unknown}
Comestibles
 a - 6 chunks of flesh
 c - 4 bread rations
 f - 3 royal jellies
 i - 2 meat rations


   Skills:
 - Level 3.6 Fighting
 + Level 9.9 Axes
 - Level 2.4 Armour
 - Level 2.1 Dodging


You had 6 spell levels left.
You didn't know any spells.

Dungeon Overview and Level Annotations

Branches:
Dungeon (5/15)             Temple (1/1) D:4

Altars:
Ashenzari
Cheibriados
Dithmenos
Elyvilon
Hepliaklqana
Kikubaaqudgha
Makhleb
Okawaru
Qazlal
Ru
Trog
Uskayaw
Vehumet
Xom
Yredelemnul
Zin
The Shining One

Shops:
D:4 =[==   D:5 (


Innate Abilities, Weirdness & Mutations

You reflexively headbutt those who attack you in melee.
You have a pair of horns on your head.


Message History

You hit the orc warrior but do no damage.
You hit the orc wizard but do no damage.
The worker ant zombie bites you but does no damage.
The orc priest mumbles some strange prayers to Beogh against you.
Beogh smites you!
* * * LOW HITPOINT WARNING * * *
The orc wizard points at you and mumbles some strange words.
The magic dart hits you!
* * * LOW HITPOINT WARNING * * *
You closely miss the orc priest.
The orc priest is severely wounded.
You hit the orc wizard.
You hit the orc warrior but do no damage.
You hit the worker ant zombie.
The orc warrior hits you with a long sword!
* * * LOW HITPOINT WARNING * * *
The worker ant zombie bites you but does no damage.
The orc priest calls down the wrath of Beogh upon you.
Beogh smites you!
You die...

#.#.#._.#.#...#
#..#
#...##.##.....#
##.#
#....###......#
#.##
#............##
#..#
#.##.....#####
##.##. ###.###
#..## #..#
##.##
##.###.#######
#.##
#......@o....#
#..#
.......Zoo....#
##.#
..............#
#.#
..............#
#####.#
..............#
#......
..............#
#..∩...
..............#
#......
#............#
#...... #......


You could see an orc warrior, an orc priest, an orc wizard and a worker ant
zombie.

Vanquished Creatures
  The ghost of Enish the Skirmisher, a weakling BaSk (D:3)
  A crimson imp (D:3)
  A bullfrog zombie (D:5)
  A centaur zombie (D:5)
  2 hounds (D:5)
  An orc priest (D:4)
  An orc wizard (D:3)
  A centaur skeleton (D:3)
  3 worker ants (D:4)
  2 iguanas
  Robin (D:2)
  4 adders
  A shadow imp (D:5)
  An ooze (D:1)
  An adder zombie (D:5)
  3 worms (D:2)
  4 dart slugs
  2 leopard geckos
  19 orcs
  4 bats
  3 giant cockroaches
  14 goblins
  10 hobgoblins
  4 kobolds
  A quokka (D:3)
  A ball python (D:3)
  4 frilled lizards
  A quokka skeleton (D:5)
  5 rats
97 creatures vanquished.

Notes
Turn   | Place    | Note
-------+----------+-------------------------------------------
     0 | D:1      | slacker the Minotaur Berserker began the quest for the Orb.
     0 | D:1      | Reached XP level 1. HP: 19/19 MP: 0/0
    56 | D:1      | Reached skill level 4 in Axes
    71 | D:1      | Reached XP level 2. HP: 18/26 MP: 1/1
   522 | D:2      | Found a shadowy altar of Dithmenos.
   524 | D:2      | Found a hide-covered altar of Uskayaw.
   531 | D:2      | Reached skill level 5 in Axes
   862 | D:2      | Reached XP level 3. HP: 8/31 MP: 2/2
  1106 | D:2      | Noticed Robin
  1120 | D:2      | Killed Robin
  1123 | D:2      | Reached ** piety under Trog
  1238 | D:2      | Reached XP level 4. HP: 39/39 MP: 3/3
  1332 | D:2      | Reached skill level 6 in Axes
  1782 | D:3      | Found a glowing silver altar of Zin.
  1907 | D:3      | Noticed Enish's ghost (weakling BaSk)
  1920 | D:3      | Killed Enish's ghost
  1920 | D:3      | Reached skill level 7 in Axes
  1920 | D:3      | Reached XP level 5. HP: 31/45 MP: 4/4
  2038 | D:3      | Reached *** piety under Trog
  2083 | D:3      | Reached skill level 8 in Axes
  2084 | D:3      | Reached XP level 6. HP: 37/51 MP: 5/5
  2193 | D:4      | Found a staircase to the Ecumenical Temple.
  2207 | Temple   | Entered the Ecumenical Temple
  2303 | D:4      | Found Lesixos's Jewellery Emporium.
  2514 | D:4      | Found Qotu's Jewellery Shop.
  2534 | D:4      | Found Ocrae's Antique Armour Boutique.
  2541 | D:4      | Found a snail-covered altar of Cheibriados.
  2960 | D:4      | Found Xor Oza's Jewellery Shop.
  2975 | D:4      | Bought the cursed ring of Giwany {*Corrode +Blink +Fly rPois Int-3} for 145 gold pieces
  2997 | D:4      | Reached skill level 9 in Axes
  3046 | D:4      | Found a white marble altar of Elyvilon.
  3087 | D:5      | Entered Level 5 of the Dungeon
  3147 | D:5      | Reached XP level 7. HP: 39/57 MP: 6/6
  3160 | D:5      | Found Cogi's Assorted Antiques.
  3199 | D:5      | Found Tupumool's Weapon Emporium.
  3231 | D:5      | Found a shadowy altar of Dithmenos.
  3248 | D:5      | Reached **** piety under Trog
  3251 | D:5      | Killed from afar by an orc priest

Skill      XL: |  1  2  3  4  5  6 |
---------------+-------------------+-----
Axes           | 4 5 7 8 9 |  9.9
Fighting       | |  3.6
Armour         | |  2.4
Dodging        | |  2.1

Action                   |  1- 3 |  4- 6 |  7- 9 || total
-------------------------+-------+-------+-------++-------
Melee: Hand axe          |    46 |   114 |       ||   160
       Headbutt          |     6 |    32 |     3 ||    41
       War axe           |       |    37 |    18 ||    55
Invok: Berserk           |     1 |       |       ||     1
  Use: Scroll            |       |     5 |       ||     5
  Eat: Chunk             |     2 |     6 |       ||     8
Armor: Animal skin       |     5 |     2 |       ||     7
       Scale mail        |       |    23 |       ||    23
       Ring mail         |       |     1 |       ||     1
       Chain mail        |       |    19 |    15 ||    34
Dodge: Dodged            |    18 |    72 |     7 ||    97
